 Dungeon Crawl Stone Soup version 0.31.0-11-ge490571c62 (webtiles) character file.

Game seed: 2293815994867721751

1361 sanka the Basher (level 8, -10/67 HPs)
             Began as a Minotaur Fighter on Jan 31, 2024.
             Was an Initiate of the Shining One.
             Mangled by an orc warrior
             ... wielding a +2 glaive of venom
              (12 damage)
             ... on level 6 of the Dungeon.
             The game lasted 00:06:14 (4058 turns).

sanka the Basher (Minotaur Fighter)                 Turns: 4058, Time: 00:06:14

Health: -10/67     AC: 12    Str: 22    XL:     8   Next: 37%
Magic:  7/7        EV: 13    Int:  5    God:    the Shining One [......]
Gold:   184        SH:  4    Dex: 11    Spells: 7/7 levels left

rFire   . . .        a - +0 flail
rCold   . . .        c - +0 buckler
rNeg    . . .        y - +0 chain mail
rPois   .            (helmet restricted)
rElec   .            (no cloak)
rCorr   .            (no gloves)
SInv    .            D - +2 pair of boots
Will    .....        C - amulet of regeneration Stlth
                     m - ring of flight
HPRegen 1.11/turn    o - +5 ring of evasion
MPRegen 0.10/turn

%: no passive effects
@: lethally poisoned (-10 -> -14), flying, glowing
A: horns 2, retaliatory headbutt
a: Renounce Religion


You were on level 6 of the Dungeon.
You worshipped the Shining One.
The Shining One was noncommittal.
You visited 1 branch of the dungeon, and saw 6 of its levels.

You collected 184 gold pieces.


Innate Abilities, Weirdness & Mutations

You have a pair of horns on your head.
You reflexively headbutt those who attack you in melee.


   Skills:
 + Level 4.5 Fighting
 - Level 12.0 Maces & Flails
 + Level 4.2 Armour
 - Level 3.6 Shields


You had 7 spell levels left.
You didn't know any spells.
Your spell library contained the following spells:

 Spells                   Type           Power      Damage    Failure   Level
 Mercury Vapours          Alch/Air       0%         N/A       99%         2
 Inner Flame              Hex/Fire       0%         N/A       100%        3
 Mephitic Cloud           Conj/Alch/Air  0%         N/A       100%        3
 Freezing Cloud           Conj/Ice/Air   0%         6-21      100%        5
 Irradiate                Conj/Alch      0%         3d11      100%        5
 Ignition                 Fire           0%         3d3       100%        8

Inventory:

Hand Weapons
 a - a +0 flail (weapon)
Armour
 c - a +0 buckler (worn)
 y - a +0 chain mail (worn)
 D - a +2 pair of boots (worn)
Jewellery
 h - a ring of protection from cold
 m - a ring of flight (left hand)
 o - a +5 ring of evasion (right hand)
 C - an amulet of regeneration (around neck)
Talismans
 l - a beast talisman
Wands
 b - a wand of mindburst (9)
 s - a wand of paralysis (12)
 z - a wand of flame (9)
Scrolls
 e - a scroll of noise {unknown}
 g - 3 scrolls of amnesia {unknown}
 i - 8 scrolls of identify {unknown}
 k - 2 scrolls of immolation {unknown}
 q - 3 scrolls of teleportation {unknown}
 t - 2 scrolls of vulnerability {unknown}
 u - a scroll of torment {unknown}
 w - a scroll of fog {unknown}
 x - a scroll of blinking {unknown}
 A - a scroll of fear {unknown}
 B - 3 scrolls of brand weapon {unknown}
Potions
 f - 3 potions of curing {unknown}
 j - a potion of enlightenment {unknown}
 n - a potion of haste {unknown}
 p - 3 potions of attraction {unknown}
 r - a potion of mutation {unknown}
 v - 2 potions of heal wounds {unknown}

Dungeon Overview and Level Annotations

Branches:
Dungeon (6/15)
 Temple: D:4-7

Altars:
Ashenzari
The Shining One

▒........... ..▒▒▒▒.
▒........... .....▒. ..▒
▒........... ..5<... /.
▒........... ..S.... ..
▒.▒▒..▒▒▒▒▒▒ ......S▒▒▒▒
▒.▒▒.▒▒.▒▒...▒. .....!..[.▒▒▒
▒..▒.▒▒.▒▒.....
.......▒▒{..▒▒▒▒.▒....▒▒....▒
........o.ooH..<..........▒▒▒
......▒▒▒▒.........▒▒▒▒.....▒
▒▒▒▒▒ ▒▒▒▒.▒▒....▒ ▒▒.....
▒.▒▒▒▒.▒▒.[..▒ ▒...▒.
▒............▒ ▒▒▒.▒▒
▒▒▒▒▒▒▒......▒ ▒.▒▒ ▒▒▒....▒
▒..▒ ▒▒...▒ ▒▒.. ▒...▒ ▒▒.


You could see an orc warrior, a water moccasin, an orc priest and an orc.


Message History

You feel very sick.
The orc warrior hits you with a +2 glaive of venom.
You are more poisoned.
You barely miss the orc warrior. You headbutt the orc warrior.
The orc warrior is heavily wounded.
You feel extremely sick.
Unknown command.
You feel very sick. You block the orc warrior's attack.
You feel very sick.
You feel very sick.
The orc priest attacks as it pursues you!
The orc priest barely misses you.
The orc wizard suddenly roars, in orcish tradition.
The orc wizard casts a spell.
The orc wizard flickers and vanishes!
Deactivating autopickup; reactivate with Ctrl-A.
The orc warrior hits you from afar with a +2 glaive of venom!
* * * LOW HITPOINT WARNING * * *
* * * LOW HITPOINT WARNING * * *
You feel very sick.
The orc priest attacks as it pursues you!
The orc priest hits you with a +0 dagger.
* * * LOW HITPOINT WARNING * * *
The orc wizard casts a spell.
The orc wizard flickers and vanishes!
The orc warrior attacks as it pursues you!
The orc warrior hits you from afar with a +2 glaive of venom!
You die...

Action                     |  1- 3 |  4- 6 |  7- 9 || total
---------------------------+-------+-------+-------++-------
  Melee: Flail             |   103 |    80 |    66 ||   249
         Headbutt          |    14 |    17 |    11 ||    42
  Evoke: Wand              |       |     7 |       ||     7
    Use: Potion            |       |       |     1 ||     1
 Armour: Scale mail        |    77 |    18 |       ||    95
         Chain mail        |       |    15 |    41 ||    56
  Dodge: Dodged            |    50 |    56 |    42 ||   148
  Block: Buckler           |    26 |    12 |    17 ||    55

Levels and vault maps discovered:
D:1:      amcnicky_arrival_abandoned_market, layout_basic
D:2:      layout_rooms, serial_rivers, chequers_serial_rivers_large_a,
          chequers_serial_rivers_large_b, chequers_serial_rivers_micro_b,
          chequers_serial_rivers_micro_d, chequers_serial_rivers_small_b
D:3:      layout_loops_ring, minmay_rat_hole
D:4:      gammafunk_wand_slinger, layout_basic, kennysheep_generic_room_15
D:5:      layout_cave_pools, nicolae_ashenzari_panopticon
D:6:      layout_rooms, trog_wizard, tso_metal_star,
          minmay_temple_entry_gardened_gates, uniq_eustachio

Notes
Turn   | Place    | Note
-------+----------+-------------------------------------------
     0 | D:1      | sanka the Minotaur Fighter began the quest for the Orb.
     0 | D:1      | Reached XP level 1. HP: 19/19 MP: 0/0
   129 | D:1      | Reached skill level 4 in Fighting
   161 | D:1      | Reached skill level 3 in Maces & Flails
   161 | D:1      | Reached XP level 2. HP: 23/27 MP: 1/1
   485 | D:1      | Reached skill level 4 in Maces & Flails
   486 | D:1      | Reached XP level 3. HP: 33/33 MP: 2/2
  1458 | D:3      | Reached skill level 5 in Maces & Flails
  1568 | D:3      | Reached XP level 4. HP: 40/40 MP: 3/3
  1663 | D:3      | Identified the +1 leather armour of the Lion {rPois Dex+2}
  1940 | D:4      | Found a transporter.
  1979 | D:4      | Noticed a scorpion
  1989 | D:4      | Killed a scorpion
  1990 | D:4      | Reached skill level 6 in Maces & Flails
  1990 | D:4      | Reached XP level 5. HP: 46/46 MP: 4/4
  2169 | D:4      | Found a transporter.
  2322 | D:4      | Reached skill level 7 in Maces & Flails
  2333 | D:4      | Reached XP level 6. HP: 50/52 MP: 5/5
  3006 | D:4      | Reached skill level 8 in Maces & Flails
  3106 | D:5      | Entered Level 5 of the Dungeon
  3276 | D:5      | Reached skill level 9 in Maces & Flails
  3380 | D:5      | Identified the +6 whip "Omelette" {flame, *Slow rF+ rN+
                  | Dex+3}
  3436 | D:5      | Reached XP level 7. HP: 59/59 MP: 6/6
  3567 | D:5      | Found a broken altar of Ashenzari.
  3795 | D:6      | Noticed Eustachio
  3795 | D:6      | Noticed a steam dragon
  3813 | D:5      | Killed a steam dragon
  3814 | D:5      | Reached skill level 10 in Maces & Flails
  3866 | D:5      | Killed Eustachio
  3867 | D:5      | Reached skill level 11 in Maces & Flails
  3867 | D:5      | Reached XP level 8. HP: 57/66 MP: 7/7
  3915 | D:6      | Found a glowing golden altar of the Shining One.
  3969 | D:6      | Became a worshipper of the Shining One
  4027 | D:6      | Reached skill level 12 in Maces & Flails
  4034 | D:6      | Reached skill level 4 in Armour
  4057 | D:6      | HP: 5/67 [orc warrior/+2 glaive of venom (11)]
  4058 | D:6      | HP: 2/67 [orc priest/+0 dagger (1)]
  4058 | D:6      | Mangled by an orc warrior

Vanquished Creatures
  Eustachio (D:5)
  A steam dragon (D:5)
  A water moccasin (D:5)
  An ice beast (D:6)
  An orc warrior (D:5)
  A black bear (D:6)
  An ogre (D:5)
  A centaur (D:5)
  A bullfrog (D:6)
  A scorpion (D:4)
  A howler monkey (D:4)
  A bombardier beetle (D:6)
  2 jellies
  2 hounds
  An orc priest (D:4)
  An iguana (D:5)
  6 adders
  4 shadow imps (D:4)
  A dart slug (D:4)
  A ribbon worm (D:2)
  3 orcs (D:5)
  6 endoplasms
  A giant cockroach (D:2)
  2 goblins
  6 hobgoblins
  5 kobolds
  3 quokkas
  11 ball pythons
  9 bats
  5 frilled lizards
  21 rats
102 creatures vanquished.

Vanquished Creatures (others)
  2 orcs (D:5)
2 creatures vanquished.

Grand Total: 104 creatures vanquished
